 Dungeon Crawl Stone Soup version 0.30-a0-1103-g25895a7845 (webtiles) character file.

Game seed: 5560441197149175661

4 Jeffwins the Ducker (level 1, 16/16 HPs)
             Began as a Human Wanderer on Apr 18, 2023.
             Quit the game on level 1 of the Dungeon.
             The game lasted 00:00:07 (86 turns).

Jeffwins the Ducker (Human Wanderer)                  Turns: 86, Time: 00:00:08

Health: 16/16      AC:  4    Str: 13    XL:     1   Next: 66%
Magic:  1/1        EV: 13    Int:  9    God:
Gold:   0          SH:  0    Dex: 14    Spells: 0/0 levels left

rFire   . . .      SeeInvis .    a - +2 hand axe
rCold   . . .      Faith    .    (no shield)
rNeg    . . .      Spirit   .    e - +0 leather armour
rPois   .          Reflect  .    (no helmet)
rElec   .          Rampage  .    (no cloak)
rCorr   .                        (no gloves)
Will    .....                    c - +0 pair of boots
Stlth   +                        (no amulet)
HPRegen 0.22/turn                (no ring)
MPRegen 0.07/turn                (no ring)

@: no status effects
A: no striking features
a: no special abilities


You were on level 1 of the Dungeon.
You visited 1 branch of the dungeon, and saw 1 of its levels.


   Skills:
 + Level 2.0 Fighting
 + Level 1.1 Long Blades
 + Level 2.0 Axes
 + Level 4.0 Dodging
 + Level 1.1 Invocations


You couldn't memorise any spells.
You didn't know any spells.
Your spell library was empty.

Inventory:

Hand Weapons
 a - a +2 hand axe (weapon)
 b - a +0 falchion
Armour
 c - a +0 pair of boots (worn)
 e - a +0 leather armour (worn)
Scrolls
 f - a scroll of identify {unknown}
Potions
 d - a potion of attraction {!q}

Dungeon Overview and Level Annotations

Branches:
Dungeon (1/15)

Altars:

..## ##.##..............
..# #...†..)..........
..## ##.##..............
.#.###.#########...#####
.##...## #...# ###...#
#...# ##.## ###...###
#.# #.......# #.#
#.#@....# #.#
.......b###..# ..#
##......# ..# ###
#......# .# #........ #
#........ #........
..........


You could see a bat.


Message History

No target in view!
No target in view!
No target in view!
No target in view!
HP restored.
A hobgoblin comes into view.
The hobgoblin shouts!
A hobgoblin is nearby!
A hobgoblin is nearby!
You slash the hobgoblin!
You kill the hobgoblin!
A goblin comes into view. It is wielding a +0 dagger.
You see here a hobgoblin corpse.
The goblin shouts!
You hit the goblin.
The goblin is heavily wounded.
The goblin hits you with a +0 dagger.
You slash the goblin!
You kill the goblin!
No target in view!
No target in view!
No target in view!
No target in view!
No target in view!
No target in view!
A bat comes into view.
A bat is nearby!
A bat is nearby!
The bat closely misses you.
Are you sure you want to abandon this character and quit the game? (Confirm with "yes".)

Action                     || total
---------------------------++-------
  Melee: Hand axe          ||     7
  Dodge: Dodged            ||     3

Levels and vault maps discovered:
D:1:      minmay_arrival_nine_rooms, layout_loops_cross, serial_shops, shop

Notes
Turn   | Place    | Note
-------+----------+-------------------------------------------
     0 | D:1      | Jeffwins the Human Wanderer began the quest for the Orb.
     0 | D:1      | Jeffwins set off with the following items: a +2 hand axe, a
                  | +0 falchion, a +0 pair of boots, a potion of attraction
                  | {!q}, a +0 leather armour.
     0 | D:1      | Reached XP level 1. HP: 16/16 MP: 1/1
    86 | D:1      | Quit the game

Vanquished Creatures
  A goblin (D:1)
  2 hobgoblins (D:1)
3 creatures vanquished.

Table legend: (Time is in decaauts)
 A = Elapsed time spent in this place.
 B = Non-inter-level travel time spent in this place.
 C = Inter-level travel time spent in this place.
 D = Time resting spent in this place.
 E = Time spent auto-exploring this place.
 F = Levels seen in this place.
 G = Mean time per level.
                   A        B        C        D        E       F      G
               +--------+--------+--------+--------+--------+-----+--------+
         Total |     87 |     87 |      0 |      0 |     64 |   1 |   87.0 |
       Dungeon |     87 |     87 |      0 |      0 |     64 |   1 |   87.0 |
               +--------+--------+--------+--------+--------+-----+--------+

Top non-repeatable levels by time:
     D:1: 87 daAuts

Table legend:
 A = Non-vault XP
 B = Vault XP
 C = Vault XP percentage of total XP
 D = Non-vault monster count
 E = Vault monster count
 F = Vault count percentage of total count
                 A         B        C        D         E       F
            +---------+---------+-------+---------+---------+-------
      Total |       6 |       0 |   0.0 |       3 |       0 |   0.0
            +---------+---------+-------+---------+---------+-------
        D:1 |       6 |       0 |   0.0 |       3 |       0 |   0.0
            +---------+---------+-------+---------+---------+-------
